 Dungeon Crawl Stone Soup version 0.30.1-3-gfc49f6343a (webtiles) character file.

Game seed: 11942541096492953642

2845 LittleThickWarRabbit the Skirmisher (level 9, -1/47 HPs)
             Began as a Spriggan Hunter on Aug 4, 2023.
             Killed by divine providence
             ... invoked by an orc priest
              (13 damage)
             ... on level 7 of the Dungeon.
             The game lasted 00:24:09 (7324 turns).

LittleThickWarRabbit the Skirmisher (SpHu)          Turns: 7324, Time: 00:24:09

Health: -1/47      AC:  6    Str:  7    XL:     9   Next: 46%
Magic:  10/10      EV: 24    Int: 11    God:
Gold:   480        SH:  0    Dex: 22    Spells: 8/8 levels left

rFire   . . .        a - +1 shortbow
rCold   . . .        (shield currently unavailable)
rNeg    . . .        c - +2 robe
rPois   .            (helmet restricted)
rElec   .            p - +1 cloak
rCorr   .            (gloves unavailable)
SInv    +            (boots unavailable)
Will    +....        l - amulet of regeneration
Stlth   +++++        (no ring)
HPRegen 1.07/turn    (no ring)
MPRegen 0.12/turn

%: no passive effects
@: lethally poisoned (-1 -> -1), studying Ranged Weapons, very quick
A: very small, no large weapons, unfitting armour, see invisible, speed 3
a: no special abilities


You were on level 7 of the Dungeon.
You visited 1 branch of the dungeon, and saw 7 of its levels.

You collected 480 gold pieces.

Inventory:

Hand Weapons
 a - a +1 shortbow (weapon)
Missiles
 e - 3 atropa-tipped darts
 h - 33 poisoned darts
 x - a throwing net
Armour
 c - a +2 robe (worn)
 p - a +1 cloak (worn)
Jewellery
 k - a ring of poison resistance
 l - an amulet of regeneration (around neck)
 r - a ring of poison resistance
 t - a ring of positive energy
 w - a ring of wizardry
Wands
 y - a wand of flame (30)
Scrolls
 b - 2 scrolls of immolation
 o - 4 scrolls of teleportation
 s - a scroll of magic mapping
 v - a scroll of amnesia {unknown}
Potions
 d - 2 potions of lignification
 f - a potion of heal wounds
 g - a potion of cancellation {unknown}
 i - a potion of berserk rage {unknown}
 j - a potion of degeneration {unknown}
 m - 3 potions of mutation
 n - a potion of might {unknown}
 q - 2 potions of haste {unknown}
 u - a potion of curing {unknown}


   Skills:
 + Level 5.1 Fighting
 * Level 11.5 Ranged Weapons
 + Level 8.1 Dodging
 + Level 9.2 Stealth


You had 8 spell levels left.
You didn't know any spells.
Your spell library was empty.

Dungeon Overview and Level Annotations

Branches:
Dungeon (7/15)             Temple (0/1) D:4

Altars:
Elyvilon
Fedhas
Sif Muna
Wu Jian
Yredelemnul
Zin

Shops:
D:5 (


Innate Abilities, Weirdness & Mutations

You are very small and have problems with some larger weapons.
You are too small for most types of armour.
You have supernaturally acute eyesight. (SInv)
You cover ground extremely quickly. (Speed+++)


Message History

You feel very sick. The killer bee barely misses you.
The killer bee completely misses you.
You shoot an arrow.
The arrow closely misses the killer bee.
You feel very sick. The killer bee misses you.
The killer bee barely misses you.
You shoot an arrow. The arrow hits the killer bee!
The killer bee is heavily wounded.
You feel sick. The killer bee closely misses you.
The killer bee completely misses you.
You shoot an arrow. The arrow barely misses the killer bee.
You feel sick. The killer bee misses you.
The orc priest looks braver for a moment.
The killer bee completely misses you.
You shoot an arrow.
The arrow closely misses the killer bee.
You feel sick. The killer bee stings you.
You are more poisoned.
The killer bee poisons you! The killer bee closely misses you.
You shoot an arrow. The arrow hits the killer bee!
You kill the killer bee!
You feel very sick.
The orc wizard points at you and mumbles some strange words.
The puff of flame hits you!
An orc comes into view.
It is wielding a +0 flail and wearing an orb of guile.
You feel sick.
The orc priest calls down the wrath of Beogh upon you.
You resist with some effort.
You feel sick.
You feel sick.
You feel sick.
Fire: a) +1 shortbow
Press: ? - help, Q - select action, (/) - cycle Shift-Dir - straight line, f - orc priest
Aim: an orc priest, wielding a +0 mace of protection and wearing a +0 leather armour (71% to hit)
You shoot an arrow. The arrow hits the orc priest!
The orc priest is severely wounded.
You feel sick.
The orc priest calls down the wrath of Beogh upon you.
Beogh smites you!
You die...

....## #.....## ...## ##......##
..## ##### #....o...# ..##
##.).## #.†....... #
#..####.....###.o....... ##
#..##........##..#...... ###.
##.)..........#..# ..... ##...
...............# #... ##...#
...............@# .# ##..###
................## ####..##
.................## ##...##
..................## ##..###
....)..............###..########
................................
#..................##..#.........
....))............###............
##................# ##...........


You could see an orc priest.

Vanquished Creatures
  A wyvern (D:7)
  A sky beast (D:7)
  An orc warrior (D:7)
  A centaur (D:7)
  2 phantoms
  3 kobold brigands
  2 bullfrogs (D:7)
  3 scorpions (D:5)
  A gnoll sergeant (D:7)
  3 water moccasin zombies (D:5)
  A water moccasin skeleton (D:5)
  2 killer bees (D:7)
  3 howler monkeys
  2 bullfrog zombies (D:5)
  An orc priest (D:7)
  4 jellies
  3 bullfrog skeletons (D:5)
  Crazy Yiuf (D:2)
  3 hounds
  2 centaur skeletons (D:5)
  A gnoll bouda (D:6)
  Terence (D:2)
  5 sleepcaps
  Jessica (D:2)
  Natasha (thrice) (D:2)
  An iguana (D:6)
  4 orc wizards
  2 scorpion zombies (D:5)
  A killer bee zombie (D:5)
  2 hound zombies (D:5)
  5 adders
  15 gnolls
  2 shadow imps (D:6)
  A white imp (D:6)
  2 ufetubi
  An adder zombie (D:5)
  2 worms
  3 dart slugs
  12 orcs
  9 ball pythons
  4 endoplasms
  2 giant cockroaches
  9 goblins
  8 hobgoblins
  6 quokkas
  8 bats
  2 frilled lizards (D:3)
  15 kobolds
  5 rats
172 creatures vanquished.

Notes
Turn   | Place    | Note
-------+----------+-------------------------------------------
     0 | D:1      | LittleThickWarRabbit the Spriggan Hunter began the quest
                  | for the Orb.
     0 | D:1      | Reached XP level 1. HP: 10/10 MP: 2/2
   100 | D:1      | Reached XP level 2. HP: 15/15 MP: 3/3
   601 | D:2      | Reached XP level 3. HP: 18/18 MP: 4/4
   618 | D:2      | Noticed Terence
   640 | D:2      | Killed Terence
   719 | D:2      | Reached XP level 4. HP: 23/23 MP: 5/5
   723 | D:2      | Noticed Jessica
   726 | D:2      | Killed Jessica
   864 | D:2      | Noticed Natasha
   867 | D:2      | Killed Natasha
   919 | D:2      | Reached skill level 5 in Ranged Weapons
   919 | D:2      | Reached XP level 5. HP: 27/27 MP: 6/6
   935 | D:2      | Noticed Natasha
   940 | D:2      | Killed Natasha
  1047 | D:2      | Found a runed translucent door.
  1048 | D:2      | Noticed Crazy Yiuf
  1265 | D:2      | Noticed Natasha
  1274 | D:2      | Killed Natasha
  1403 | D:2      | Killed Crazy Yiuf
  1619 | D:3      | Reached XP level 6. HP: 32/32 MP: 7/7
  1903 | D:3      | Found a shimmering blue altar of Sif Muna.
  1903 | D:3      | Found a blossoming altar of Fedhas.
  2177 | D:3      | Found a faded altar of an unknown god.
  2329 | D:4      | Found a glowing silver altar of Zin.
  2344 | D:4      | Found a staircase to the Ecumenical Temple.
  2635 | D:4      | Reached skill level 5 in Stealth
  2696 | D:4      | Reached skill level 5 in Dodging
  3008 | D:4      | Reached skill level 6 in Ranged Weapons
  3055 | D:4      | Identified a scroll of acquirement
  3055 | D:4      | Acquired a manual of Ranged Weapons
  3070 | D:5      | Entered Level 5 of the Dungeon
  3079 | D:5      | Reached XP level 7. HP: 18/36 MP: 8/8
  3540 | D:5      | Reached skill level 7 in Ranged Weapons
  3693 | D:5      | Found Sitiesch's Weapon Emporium.
  3758 | D:5      | Reached skill level 8 in Ranged Weapons
  3758 | D:5      | Reached XP level 8. HP: 38/42 MP: 9/9
  4333 | D:5      | Reached skill level 9 in Ranged Weapons
  4991 | D:6      | Reached skill level 10 in Ranged Weapons
  6034 | D:6      | Found a white marble altar of Elyvilon.
  6034 | D:6      | Found a basalt altar of Yredelemnul.
  6038 | D:6      | Found an ornate altar of the Wu Jian Council.
  6733 | D:7      | Reached XP level 9. HP: 26/46 MP: 10/10
  6969 | D:7      | Reached skill level 11 in Ranged Weapons
  7093 | D:7      | Reached skill level 5 in Fighting
  7324 | D:7      | Killed from afar by an orc priest

Illustrated notes

Levels and vault maps discovered:
D:1:      elethiomel_arrival_quiet, layout_basic,
          hangedman_abyss_or_decor_lesser_grid
D:2:      layout_loops_ring, hangedman_feature_mirror, uniq_crazy_yiuf_cottage,
          uniq_jessica, uniq_natasha, uniq_terence
D:3:      layout_loops_ring, chequers_temple_overflow_statue_of_worship,
          hellmonk_ecumenical_altar_arch_garden
D:4:      layout_cave_pods, zin_statuary, minmay_temple_entry_grid
D:5:      layout_cave_pods, serial_undead, serial_undead_a, serial_undead_f,
          serial_undead_b, serial_undead_a, serial_undead_a, serial_undead_c,
          serial_shops, shop
D:6:      layout_basic, minitemple
D:7:      layout_cave_pods, lemuel_round_altar, glass_columns_b, hellmonk_no_cap

Skill      XL: |  1  2  3  4  5  6  7  8  9 |
---------------+----------------------------+-----
Stealth        | 2 3 4 5 6 8 9 |  9.2
Dodging        | 3 4 5 6 7 8 |  8.1
Fighting       | 2 3 4 5 |  5.1
Ranged Weapons | 5 6 8 10 11 | 11.5

Action                     |  1- 3 |  4- 6 |  7- 9 || total
---------------------------+-------+-------+-------++-------
   Fire: Shortbow          |    61 |   180 |   485 ||   726
    Use: Scroll            |     4 |     7 |     4 ||    15
 Armour: Robe              |     2 |     3 |    33 ||    38
  Dodge: Dodged            |    11 |    34 |   286 ||   331
